 Dungeon Crawl Stone Soup version 0.19-a0-812-g33f3bc8 (webtiles) character file.

1701 Implojin the Cleaver (level 8, -3/94 (96) HPs)
             Began as a Minotaur Berserker on June 28, 2016.
             Was a Believer of Trog.
             Slain by an ice devil (11 damage)
             ... on level 11 of the Dungeon.
             The game lasted 00:11:51 (1384 turns).

Implojin the Cleaver (Minotaur Berserker)           Turns: 1384, Time: 00:11:52

HP:   -3/94 (96)    AC: 13    Str: 27    XL:     8   Next: 73%
MP:   7/7           EV:  8    Int:  4    God:    Trog [**....]
Gold: 65            SH:  0    Dex: 12    Spells: 0 memorised, 7 levels left

rFire  . . .     SeeInvis .     u - +0 battleaxe
rCold  . . .     Gourm    .     o - +0 plate armour
rNeg   . . .     Faith    .     (shield currently unavailable)
rPois  .         Spirit   .     (helmet restricted)
rElec  .         Dismiss  .     (no cloak)
rCorr  .         Reflect  .     v - +1 pair of gloves
SustAt .         Harm     .     (no boots)
MR     .....                    (no amulet)
Stlth  ..........               (no ring)
                                (no ring)

@: berserking (expiring), very quick, not resistant to hostile enchantments,
extremely unstealthy
A: retaliatory headbutt, horns 2
a: Berserk, Trog's Hand, Burn Spellbooks, Renounce Religion


You were on level 11 of the Dungeon.
You worshipped Trog.
Trog was pleased with you.
You were not hungry.

You visited 1 branch of the dungeon, and saw 9 of its levels.

You collected 65 gold pieces.

Inventory:

Hand Weapons
 a - a +0 hand axe
 u - a +0 battleaxe (weapon)
Missiles
 d - 3 tomahawks
 h - 65 stones (quivered)
Armour
 b - a +0 animal skin
 e - a +0 ring mail
 l - a +0 buckler
 o - a +0 plate armour (worn)
 r - a +0 scale mail
 v - a +1 pair of gloves (worn)
Scrolls
 m - 2 scrolls of teleportation {unknown}
 p - a scroll of holy word {unknown}
 q - 2 scrolls of vulnerability
 t - a scroll of immolation {unknown}
Potions
 g - a potion of ambrosia
 i - a potion of magic
 k - a potion of cure mutation
 n - a potion of agility {unknown}
 s - a potion of degeneration
Comestibles
 c - 3 bread rations
 f - a meat ration
 j - 4 chunks of flesh


   Skills:
 - Level 3.6 Fighting
 * Level 13.3 Axes
 - Level 2.4 Armour
 - Level 2.1 Dodging


You had 7 spell levels left.
You didn't know any spells.

Dungeon Overview and Level Annotations

Branches:
Dungeon (11/15)
 Temple: D:4-7         Lair: D:8-11         Orc: D:9-12

Altars:
Hepliaklqana
Pakellas
Qazlal
Ru
Trog

Portals:
Ice
Cave: D:11

Annotations:
D:5 Eustachio


Innate Abilities, Weirdness & Mutations

You reflexively headbutt those who attack you in melee.
You have a pair of horns on your head.


Message History

A red film seems to cover your vision as you go berserk!
You feel yourself moving faster!
You feel mighty!
You feel somewhat more hungry.
Unknown command.
You slice the ice devil!!
The ice devil is heavily wounded.
You barely miss the ice devil. The ice devil barely misses you.
You hit the ice devil. You headbutt the ice devil!
The ice devil is almost dead.
You hit the ice devil.
The ice devil is lightly wounded.
The ice devil hits you but does no damage.
You slice the ice devil!!
You kill the ice devil!
Trog accepts your kill.
Your Axes skill increases to level 13!
You closely miss the ice devil.
The ice devil is lightly wounded.
The ice devil barely misses you. You furiously retaliate!
You headbutt the ice devil, but do no damage.
You closely miss the ice devil. The ice devil hits you!
* * * LOW HITPOINT WARNING * * *
The ice devil freezes you!
* * * LOW HITPOINT WARNING * * *
Your plate armour prevents you from hitting the ice devil.
The ice devil hits you.
* * * LOW HITPOINT WARNING * * *
The ice devil freezes you!!
* * * LOW HITPOINT WARNING * * *
You barely miss the ice devil. You headbutt the ice devil!
The ice devil is moderately wounded.
You completely miss the ice devil.
The ice devil is moderately wounded.
The ice devil barely misses you.
You barely miss the ice devil.
The ice devil is moderately wounded.
The ice devil hits you!
* * * LOW HITPOINT WARNING * * *
The ice devil freezes you!
You die...

#.. . #.# ###. #.#
#... ##'## #.#.
##...## #.#.
#####.....## #...
#..........## #..#
#+#'###.....####...
#4@.# #.....'......
##.## #.....####...
#?# #....## ##.#
... #...## ### ....
#..## ..... #+#
#..∩.? #######


You could see an ice devil.

Vanquished Creatures
  An ice devil (D:11)
  Grinder (D:5)
  A phantom (D:6)
  A necrophage (D:5)
  4 ogres
  3 giant frogs
  A scorpion (D:7)
  A howler monkey (D:5)
  5 wights (D:6)
  2 hounds (D:5)
  An orc priest (D:5)
  An iguana (D:10)
  A worker ant (D:7)
  3 gnolls (D:2)
  7 adders
  2 worms (D:2)
  A giant gecko (D:2)
  6 orcs (D:5)
  A giant cockroach (D:5)
  A goblin (D:3)
  3 hobgoblins
  2 jackals (D:1)
  2 quokkas
  A giant gecko skeleton (D:6)
  2 giant newts (D:2)
  2 kobolds
56 creatures vanquished.

Notes
Turn   | Place    | Note
--------------------------------------------------------------
     0 | D:1      | Implojin the Minotaur Berserker began the quest for the Orb.
     0 | D:1      | Reached XP level 1. HP: 19/19 MP: 0/0
    48 | D:1      | Reached skill level 4 in Axes
   115 | D:2      | Reached XP level 2. HP: 16/26 MP: 1/1
   145 | D:2      | Found a hazy altar of Hepliaklqana.
   161 | D:2      | Reached skill level 5 in Axes
   165 | D:2      | Reached XP level 3. HP: 20/31 MP: 2/2
   193 | D:2      | Found a sacrificial altar of Ru.
   194 | D:2      | Found an oddly glowing altar of Pakellas.
   268 | D:3      | Found a stormy altar of Qazlal.
   274 | D:3      | Reached XP level 4. HP: 28/39 MP: 3/3
   310 | D:3      | Found a bloodstained altar of Trog.
   454 | D:3      | Reached skill level 6 in Axes
   654 | D:5      | Entered Level 5 of the Dungeon
   654 | D:5      | Noticed an ogre
   659 | D:5      | Killed an ogre
   659 | D:5      | Reached skill level 7 in Axes
   659 | D:5      | Reached XP level 5. HP: 45/45 MP: 4/4
   685 | D:5      | Reached ** piety under Trog
   782 | D:6      | Noticed a necrophage
   787 | D:6      | Reached skill level 8 in Axes
   787 | D:6      | Reached XP level 6. HP: 44/51 MP: 5/5
   882 | D:5      | Reached skill level 9 in Axes
   915 | D:5      | Noticed Grinder
   925 | D:5      | Reached XP level 7. HP: 23/56 MP: 6/6
   949 | D:5      | Killed Grinder
   949 | D:5      | Reached skill level 10 in Axes
   981 | D:5      | Noticed Eustachio
  1086 | D:6      | Reached skill level 11 in Axes
  1155 | D:6      | Reached XP level 8. HP: 32/63 MP: 7/7
  1215 | D:7      | You fall through a shaft for 3 floors!
  1215 | D:10     | Entered Level 10 of the Dungeon
  1223 | D:10     | Reached skill level 12 in Axes
  1372 | D:11     | Noticed an ice devil
  1373 | D:11     | Found a frozen archway.
  1374 | D:11     | Noticed an ice devil
  1379 | D:11     | Killed an ice devil
  1379 | D:11     | Reached skill level 13 in Axes
  1384 | D:11     | Slain by an ice devil

Vault maps used:
D:1:      dpeg_arrival_orchard, minmay_misc_feat_hallway
D:2:      grunt_temple_overflow_open, first_bread
D:3:      lemuel_doored_altar, roderic_lattice_a, bloody_trog, uniq_terence
D:4:      kennysheep_goblin_castle, lemuel_round_altar
D:5:      grunt_gozag_breadcrumbs, serial_shops, shop, uniq_eustachio,
          uniq_grinder
D:6:      minitemple, sigmund_army
D:7:      kennysheep_mini
D:10:     erik_lair_orcish_takeover
D:11:     portal_ice_cave_demonic_guard, hangedman_little_slice_of_home

Skill      XL: |  1  2  3  4  5  6  7  8 |
---------------+-------------------------+-----
Axes           | 4 5 7 8 9 11 13 | 13.3
Fighting       | |  3.6
Armour         | |  2.4
Dodging        | |  2.1

Action                   |  1- 3 |  4- 6 |  7- 9 || total
-------------------------+-------+-------+-------++-------
Melee: Hand axe          |    52 |    40 |    70 ||   162
       Headbutt          |     7 |     9 |    22 ||    38
       Battleaxe         |       |       |    10 ||    10
Invok: Berserk           |     2 |     3 |     3 ||     8
       Burn Spellbooks   |       |     2 |       ||     2
       Trog's Hand       |       |     2 |     4 ||     6
  Use: Scroll            |     1 |     8 |     2 ||    11
       Potion            |       |     1 |     1 ||     2
  Eat: Chunk             |       |     5 |     6 ||    11
Armor: Ring mail         |     7 |    11 |     4 ||    22
       Animal skin       |     1 |       |       ||     1
       Plate armour      |       |       |    13 ||    13
Dodge: Dodged            |    28 |    25 |    30 ||    83

Table legend:
 A = Turns spent in this place as a percentage of turns spent in the entire game.
 B = Non-inter-level travel turns spent in this place as a percentage of non-inter-level travel turns spent in the entire game.
 C = Inter-level travel turns spent in this place as a percentage of turns spent in this place.
 D = Turns resting spent in this place as a percentage of non-inter-level travel turns spent in this place.
 E = Turns spent auto-exploring this place as a percentage of non-inter-level travel turns spent in this place.
 F = Non-inter-level travel turns spent in this place divided by the number of levels of this place that you've seen.
                   A       B       C       D       E      F
               +-------+-------+-------+-------+-------+----------------------
         Total | 100.0 | 100.0 |   0.0 |   0.0 |   0.0 | 150.8
       Dungeon | 100.0 | 100.0 |   0.0 |   0.0 |   0.0 | 150.8
               +-------+-------+-------+-------+-------+----------------------

Table legend:
 A = Kills in this place as a percentage of kills in entire the game.
 B = Kills by you in this place as a percentage of kills by you in the entire game.
 C = Kills by friends in this place as a percentage of kills by friends in the entire game.
 D = Other kills in this place as a percentage of other kills in the entire game.
 E = Experience gained in this place as a percentage of experience gained in the entire game.
 F = Experience gained in this place divided by the number of levels of this place that you have seen.
                   A       B       C       D       E      F
               +-------+-------+-------+-------+-------+----------------------
         Total | 100.0 | 100.0 |  -nan |  -nan | 100.0 | 270.1
       Dungeon | 100.0 | 100.0 |  -nan |  -nan | 100.0 | 270.1
               +-------+-------+-------+-------+-------+----------------------
